 Dungeon Crawl Stone Soup version 0.31-a0-564-g3b7de120b3 (webtiles) character file.

Game seed: 1311223337412349307

55 IdlyInterested the Trooper (level 3, -2/43 HPs)
             Began as a Demonspawn Gladiator on Aug 17, 2023.
             Slain by an orc priest
             ... wielding a +0 flail
              (8 damage)
             ... on level 3 of the Dungeon.
             The game lasted 00:03:23 (1085 turns).

IdlyInterested the Trooper (Demonspawn Gladiator)   Turns: 1085, Time: 00:03:23

Health: -2/43      AC: 14    Str: 16    XL:     3   Next: 67%
Magic:  3/3        EV:  5    Int:  9    God:
Gold:   73         SH:  0    Dex: 14    Spells: 2/2 levels left

rFire   + . .        a - +0 war axe
rCold   . . .        (no shield)
rNeg    . . .        m - +0 plate armour
rPois   .            c - +0 helmet
rElec   .            (no cloak)
rCorr   .            (no gloves)
SInv    .            (no boots)
Will    .....        (no amulet) Stlth
                     p - ring of protection from fire
HPRegen 0.27/turn    (no ring)
MPRegen 0.08/turn

%: no passive effects
@: berserking, very quick
A: thin metallic scales 2
a: no special abilities


You were on level 3 of the Dungeon.
You visited 1 branch of the dungeon, and saw 4 of its levels.

You collected 73 gold pieces.

Inventory:

Hand Weapons
 a - a +0 war axe (weapon)
Missiles
 d - 3 throwing nets
 e - a javelin
 j - 15 stones (quivered)
Armour
 b - a +0 leather armour
 c - a +0 helmet (worn)
 m - a +0 plate armour (worn)
Jewellery
 p - a ring of protection from fire (left hand)
Scrolls
 f - a scroll of brand weapon {unknown}
 g - a scroll of silence {unknown}
 h - a scroll of fog {unknown}
 i - a scroll of teleportation {unknown}
Potions
 k - a potion of attraction {unknown}
 n - a potion of berserk rage
 o - a potion of brilliance


   Skills:
 * Level 3.2 Fighting
 + Level 3.1 Axes
 - Level 1.7 Throwing
 - Level 1.0 Armour
 - Level 2.6 Dodging
 + Level 0.4 Stealth


You had 2 spell levels left.
You didn't know any spells.
Your spell library contained the following spells:

 Spells                   Type           Power      Damage    Failure   Level
 Hailstorm                Conj/Ice       0%         3d3       100%        3
 Summon Ice Beast         Ice/Summ       0%         N/A       100%        4
 Simulacrum               Ice/Necr       0%         N/A       100%        6


Dungeon Overview and Level Annotations

Branches:
Dungeon (4/15)
 Temple: D:4-7

Altars:


Innate Abilities, Weirdness & Mutations

You are mostly covered in thin metallic scales. (AC +3)


Message History

You barely miss the orc priest.
The orc priest is lightly wounded.
You barely miss the orc. You completely miss the orc wizard. You hit the orc.
You kill the orc!
You closely miss the orc wizard.
The orc wizard points at you and mumbles some strange words.
The magic dart hits you but does no damage.
The orc wizard hits you but does no damage.
The orc priest mumbles some strange prayers to Beogh against you.
Pain shoots through your body! The orc hits you but does no damage.
You hit the orc priest but do no damage.
The orc priest is lightly wounded.
You completely miss something. You barely miss the orc wizard.
You miss the orc. You miss the orc wizard.
The orc wizard hits you but does no damage. x2
The orc priest hits you with a +0 flail!
* * * LOW HITPOINT WARNING * * *
Something hits you but does no damage. The orc hits you but does no damage.
The orc hits you with a +0 mace.
* * * LOW HITPOINT WARNING * * *
Something hits you but does no damage. The orc wizard barely misses you.
The orc priest barely misses you.
The orc wizard hits you but does no damage.
It was a potion of berserk rage.
A red film seems to cover your vision as you go berserk!
You feel yourself moving faster!
You feel mighty!
The orc wizard hits you but does no damage.
The orc wizard points at you and mumbles some strange words.
The magic dart hits you but does no damage.
Something hits you.
* * * LOW HITPOINT WARNING * * *
The orc hits you but does no damage.
The orc priest looks braver for a moment.
You feel a strong urge to attack something.
You feel less confused.
Things that are here:
a +0 falchion; a +0 ring mail The orc wizard barely misses you.
The orc priest hits you with a +0 flail!
You die...

. ###.#....##. .#.
........... <...
#.........#. ###..#.
#.........#.####.......
#.........#............
#.........###.)oo.....#
####........##..@).....#
...............)oo.....#
###...........†.......#
####.###....#.##.#...
#######.###....#........
...............####.#...
#######.###....# ....
#.# #.#### #.. #.# #..


You could see an orc priest, 2 orc wizards and an orc.

Vanquished Creatures
  2 adders (D:2)
  3 orcs (D:3)
  2 bats (D:1)
  An endoplasm (D:1)
  2 giant cockroaches
  2 goblins (D:1)
  4 hobgoblins
  3 jackals (D:1)
  2 kobolds
  A quokka (D:1)
  4 ball pythons (D:1)
  A frilled lizard (D:1)
  3 rats
30 creatures vanquished.

Notes
Turn   | Place    | Note
-------+----------+-------------------------------------------
     0 | D:1      | IdlyInterested the Demonspawn Gladiator began the quest for
                  | the Orb.
     0 | D:1      | Reached XP level 1. HP: 16/16 MP: 1/1
   254 | D:1      | Gained mutation: You are partially covered in thin metallic
                  | scales. (AC +2) [demonic ancestry]
   254 | D:1      | Reached XP level 2. HP: 23/23 MP: 2/2
   856 | D:2      | Reached skill level 1 in Armour
   856 | D:2      | Gained mutation: You are mostly covered in thin metallic
                  | scales. (AC +3) [demonic ancestry]
   856 | D:2      | Reached XP level 3. HP: 26/29 MP: 3/3
  1054 | D:2      | You fall into a shaft and drop 2 floors!
  1085 | D:3      | Slain by an orc priest

Illustrated notes

Levels and vault maps discovered:
D:1:      co_arrival_square_in_a_square_in_a_square, layout_basic
D:2:      layout_basic
D:3:      layout_basic, serial_shops, shop
D:4:      layout_loops_cross, slow_altar_1, nemelex_xobeh_ov_fountains_minmay,
          elyvilon_altar_1, gammafunk_temple_overflow_statue,
          ebering_ghost_reflecting_pool

Skill      XL: |  1  2 |
---------------+-------+-----
Axes           | 3 |  3.1
Fighting       | 3 |  3.2
Armour         | 1 |  1.0
Throwing       | |  1.7
Dodging        | |  2.6
Stealth        | |  0.4

Action                     || total
---------------------------++-------
  Melee: War axe           ||    83
    Use: Scroll            ||     2
         Potion            ||     1
   Stab: Sleeping          ||     1
 Armour: Leather armour    ||    35
         Plate armour      ||    37
  Dodge: Dodged            ||    57

Table legend: (Time is in decaauts)
 A = Elapsed time spent in this place.
 B = Non-inter-level travel time spent in this place.
 C = Inter-level travel time spent in this place.
 D = Time resting spent in this place.
 E = Time spent auto-exploring this place.
 F = Levels seen in this place.
 G = Mean time per level.
                   A        B        C        D        E       F      G
               +--------+--------+--------+--------+--------+-----+--------+
         Total |   1113 |    998 |    115 |     13 |    660 |   4 |  278.2 |
       Dungeon |   1113 |    998 |    115 |     13 |    660 |   4 |  278.2 |
               +--------+--------+--------+--------+--------+-----+--------+

Top non-repeatable levels by time:
     D:1: 942 daAuts
     D:2: 138 daAuts
     D:3: 26 daAuts
     D:4: 5 daAuts
